 Dungeon Crawl Stone Soup version 0.31-a0-360-gb3e1d13bf4 (webtiles) character file.

Game seed: 11136035410172607627

37 randomguy2701 the Shield-Bearer (level 3, 31/33 HPs)
             Began as a Minotaur Fighter on July 26, 2023.
             Was an Initiate of Gozag.
             Quit the game on level 1 of the Dungeon.
             The game lasted 00:01:21 (463 turns).

randomguy2701 the Shield-Bearer (Minotaur Fighter)   Turns: 463, Time: 00:01:21

Health: 31/33      AC:  7    Str: 20    XL:     3   Next: 21%
Magic:  2/2        EV:  9    Int:  5    God:    Gozag
Gold:   26         SH:  4    Dex: 11    Spells: 2/2 levels left

rFire   . . .        a - +0 war axe
rCold   . . .        c - +0 buckler
rNeg    . . .        b - +0 scale mail
rPois   .            (helmet restricted)
rElec   .            (no cloak)
rCorr   .            (no gloves)
SInv    .            (no boots)
Will    .....        (no amulet) Stlth
                     (no ring)
HPRegen 0.25/turn    (no ring)
MPRegen 0.08/turn

%: no passive effects
@: no status effects
A: horns 2, retaliatory headbutt
a: Renounce Religion, Potion Petition, Call Merchant, Bribe Branch


You were on level 1 of the Dungeon.
You worshipped Gozag.
Gozag was noncommittal.
You visited 1 branch of the dungeon, and saw 1 of its levels.

You collected 26 gold pieces.

Inventory:

Hand Weapons
 a - a +0 war axe (weapon)
Armour
 b - a +0 scale mail (worn)
 c - a +0 buckler (worn)
Scrolls
 e - a scroll of poison {unknown}
 g - a scroll of teleportation {unknown}
Potions
 d - a potion of might
 f - a potion of curing {unknown}


   Skills:
 + Level 3.9 Fighting
 + Level 3.2 Axes
 + Level 4.1 Armour
 + Level 4.1 Shields


You had 2 spell levels left.
You didn't know any spells.
Your spell library was empty.

Dungeon Overview and Level Annotations

Branches:
Dungeon (1/15)

Altars:
Gozag


Innate Abilities, Weirdness & Mutations

You have a pair of horns on your head.
You reflexively headbutt those who attack you in melee.


Message History

You barely miss the goblin. The goblin hits you but does no damage.
You barely miss the goblin. The goblin hits you but does no damage.
There are monsters nearby!
You closely miss the goblin. You headbutt the goblin.
The goblin is severely wounded.
The goblin hits you with a +0 dagger. You block the kobold's attack.
The goblin hits you but does no damage.
There are monsters nearby!
You slash the goblin!
You kill the goblin!
You hit the kobold.
A hobgoblin comes into view.
The kobold hits you with a +0 dagger.
There are monsters nearby!
You closely miss the kobold.
The kobold is severely wounded.
The hobgoblin shouts!
The kobold barely misses you. You furiously retaliate!
You headbutt the kobold.
You kill the kobold!
There is a dry fountain here.
Things that are here:
a +0 dagger; a goblin corpse; a frilled lizard corpse A hobgoblin is nearby!
The hobgoblin hits you.
A hobgoblin is nearby!
You barely miss the hobgoblin. You block the hobgoblin's attack.
The hobgoblin barely misses you.
You hit the hobgoblin. You headbutt the hobgoblin.
You kill the hobgoblin!
No target in view!
No target in view!
Search for what [? for help]? altar
There is a faded altar of an unknown god here.
This altar belongs to (a) Gozag, (b) Vehumet or (c) Ru, but you can't tell which.
Press the corresponding letter to learn more about a god, or press enter to convert or escape to cancel.
Gozag accepts your prayer! Gozag welcomes you!
Gozag waives the service fee.
Okay, then.
Unknown command.
Are you sure you want to abandon this character and quit the game? (Confirm with "yes".)

#...##.........# #... #..
.###......#.#### .... ###
...#.#.##.#.# ## ....
.#.#..#.....###.####..###
#.[..###...#...###......#.#
####..#...#..⌠.8##....... .
###.####.⌠..###.#..#...#
### #...#_#8#.....#
#.#8#∩#@..#.......
######..).#.#.#.#.
#8.⌠).#.. .. ##)..#........
#.###.###.. .. ## ## ... .
....


There were no monsters in sight!

Vanquished Creatures
  A gnoll (D:1)
  A dart slug (D:1)
  A bat (D:1)
  3 endoplasms (D:1)
  A giant cockroach (D:1)
  2 hobgoblins (D:1)
  2 kobolds (D:1)
  2 quokkas (D:1)
  3 ball pythons (D:1)
  2 frilled lizards (D:1)
  4 goblins (D:1)
22 creatures vanquished.

Notes
Turn   | Place    | Note
-------+----------+-------------------------------------------
     0 | D:1      | randomguy2701 the Minotaur Fighter began the quest for the
                  | Orb.
     0 | D:1      | Reached XP level 1. HP: 19/19 MP: 0/0
    71 | D:1      | Reached XP level 2. HP: 12/27 MP: 1/1
   342 | D:1      | Reached XP level 3. HP: 33/33 MP: 2/2
   349 | D:1      | Found a faded altar of an unknown god.
   461 | D:1      | Prayed at the altar of an unknown god.
   461 | D:1      | Became a worshipper of Gozag Ym Sagoz the Greedy
   463 | D:1      | Quit the game

Illustrated notes

Levels and vault maps discovered:
D:1:      tarquinn_simple_flora_water_c, layout_loops_cross,
          shapermc_ecumenical_altar_venn, chequers_avenue

Skill      XL: |  1  2 |
---------------+-------+-----
Axes           | 3 |  3.2
Shields        | 4 |  4.1
Armour         | 4 |  4.1
Fighting       | |  3.9

Action                     || total
---------------------------++-------
  Melee: War axe           ||    54
         Headbutt          ||     5
 Armour: Scale mail        ||    39
  Dodge: Dodged            ||    18
  Block: Buckler           ||    16

Table legend: (Time is in decaauts)
 A = Elapsed time spent in this place.
 B = Non-inter-level travel time spent in this place.
 C = Inter-level travel time spent in this place.
 D = Time resting spent in this place.
 E = Time spent auto-exploring this place.
 F = Levels seen in this place.
 G = Mean time per level.
                   A        B        C        D        E       F      G
               +--------+--------+--------+--------+--------+-----+--------+
         Total |    483 |    479 |      4 |      0 |    349 |   1 |  483.0 |
       Dungeon |    483 |    479 |      4 |      0 |    349 |   1 |  483.0 |
               +--------+--------+--------+--------+--------+-----+--------+

Top non-repeatable levels by time:
     D:1: 483 daAuts
